 Dungeon Crawl Stone Soup version 0.26-a0-611-g354ed81 (webtiles) character file.

Game seed: 10236165320204088149

117491 rz the Severer (level 16, -12/149 HPs)
             Began as a Minotaur Berserker on Sept 7, 2020.
             Was an Elder of Trog.
             Mangled by Donald
             ... wielding a +3 scimitar of holy wrath
              (29 damage)
             ... on level 1 of the Shoals.
             The game lasted 01:13:03 (28306 turns).

rz the Severer (Minotaur Berserker)                Turns: 28306, Time: 01:13:04

Health: -12/149    AC: 39    Str: 29    XL:     16   Next: 23%
Magic:  15/15      EV:  9    Int:  7    God:    Trog [****..]
Gold:   3203       SH: 23    Dex: 10    Spells: 15/15 levels left

rFire    + . .     SeeInvis .   a - +2 broad axe (vorpal)
rCold    + . .     Faith    .   m - +2 tower shield {AC+3}
rNeg     . . .     Spirit   .   J - +6 gold dragon scales
rPois    +         Reflect  .   (helmet restricted)
rElec    .         Harm     .   v - +0 cloak
rCorr    .                      U - +1 pair of gloves {Str+3}
MR       ++++.                  H - +0 pair of boots
Stlth    ..........             (no amulet)
HPRegen  1.34/turn              Y - +4 ring of protection
MPRegen  0.14/turn              Q - ring of protection from magic

@: regenerating (expiring), very slow
A: retaliatory headbutt, horns 2
a: Berserk, Trog's Hand, Brothers in Arms, Renounce Religion


You were on level 1 of the Shoals.
You worshipped Trog.
Trog was greatly pleased with you.
You visited 4 branches of the dungeon, and saw 24 of its levels.
You also visited: Trove, Ice Cave and Volcano.

You collected 3656 gold pieces.
You spent 453 gold pieces at shops.

Inventory:

Hand Weapons
 a - a +2 vorpal broad axe (weapon)
 b - the +12 scimitar of Cyera {flame, rC+++ Int+3}
   (You found it on level 5 of the Dungeon)

   It has been specially enchanted to burn those struck by it, causing extra
   injury to most foes and up to half again as much damage against particularly
   susceptible opponents.
   Big, fiery blades are also staple armaments of hydra-hunters.
   It affects your intelligence (+3).
   It renders you almost immune to cold.
 i - the +11 hand axe of a bazaar {venom, rElec rPois Int-4 Dex+9}
   (You found it on level 4 of the Dungeon)

   It poisons the flesh of those it strikes.
   It affects your intelligence (-4).
   It affects your dexterity (+9).
   It insulates you from electricity.
   It protects you from poison.
 C - a +3 broad axe of flaming
Missiles
 p - 56 poisoned darts (quivered)
Armour
 m - a +2 tower shield of protection (worn)
 v - a +0 cloak (worn)
 H - a +0 pair of boots (worn)
 J - +6 gold dragon scales (worn)
 U - a +1 pair of gloves of strength (worn)
Jewellery
 o - an uncursed amulet of guardian spirit
 B - an uncursed ring of see invisible
 M - an uncursed ring of poison resistance
 Q - a ring of protection from magic (right hand)
 R - the ring "Pag Ycw" {*Contam MR- Str+9 Slay+4 Stlth+}
   (You found it in an ice cave)

   [ring of slaying]

   It affects your strength (+9).
   It affects your accuracy and damage with ranged weapons and melee attacks
   (+4).
   It affects your resistance to hostile enchantments.
   It causes magical contamination when unequipped.
   It makes you more stealthy.
 W - an uncursed ring of flight
 Y - a +4 ring of protection (left hand)
Wands
 f - a wand of flame (79)
 s - a wand of random effects (10)
 w - a wand of acid (5)
 E - a wand of iceblast (37)
 O - a wand of disintegration (12)
 T - a wand of paralysis (6)
Scrolls
 e - 3 scrolls of enchant weapon
 g - a scroll of silence
 k - 12 scrolls of teleportation
 q - a scroll of summoning
 t - 5 scrolls of immolation
 x - 5 scrolls of fog
 y - 8 scrolls of magic mapping
 z - 3 scrolls of blinking
 F - 2 scrolls of holy word
 I - 3 scrolls of fear
 N - 6 scrolls of remove curse
Potions
 c - 6 potions of haste
 h - 6 potions of stabbing
 r - 2 potions of lignification
 u - 5 potions of might
 A - 2 potions of berserk rage
 D - 8 potions of curing
 G - 5 potions of flight
 L - a potion of magic
 P - 2 potions of cancellation
 S - a potion of ambrosia {unknown}
 X - 5 potions of mutation
Miscellaneous
 V - a lightning rod (4/4)


   Skills:
 + Level 15.6 Fighting
 + Level 15.7 Axes
 + Level 15.3 Armour
 - Level 12.1 Dodging
 + Level 14.5 Shields
 - Level 8.3 Evocations


You had 15 spell levels left.
You didn't know any spells.
Your spell library was empty.

Dungeon Overview and Level Annotations

Branches:
Dungeon (15/15)            Temple (0/1) D:6            Lair (6/6) D:10
 Shoals (1/4) Lair:4        Snake (0/4) Lair:2        Slime (0/5) Lair:5
    Orc (2/2) D:9             Elf (0/3) Orc:2        Vaults (0/5) D:14
 Depths (0/5) D:15          IceCv (visited)         Volcano (visited)

Altars:
Dithmenos
Makhleb
Nemelex Xobeh
Okawaru
Sif Muna
Trog
Uskayaw
Vehumet
Wu Jian
Yredelemnul
Beogh

Shops:
D:4 [   D:6 [(   D:8 :   D:15 ?}   Orc:2 ?*=}*

Annotations:
D:4 4 runed translucent doors, Robin
D:10 3 runed translucent doors, reriks's ghost, journeyman HuFi
D:11 1 runed translucent door
Shoals:1 Donald
Orc:2 2 transporters, reriks's ghost, journeyman TrBe


Innate Abilities, Weirdness & Mutations

You reflexively headbutt those who attack you in melee.
You have a pair of horns on your head.


Message History

Donald says, "Hey, I thought wands weren't allowed!"
Donald hits you with a +3 scimitar of holy wrath!!
* * * LOW HITPOINT WARNING * * *
Your black bear bites the merfolk but does no damage.
Your black bear misses the merfolk.
Your black bear splashes around in the water.
Your black bear completely misses the merfolk.
Your black bear claws the merfolk but does no damage.
Your black bear claws the merfolk.
A merfolk comes into view. It is wielding a +0 trident.
The merfolk shouts!
You enter the shallow water.
Moving in this stuff is going to be slow.
Your black bear splashes around in the water.
Your black bear claws the merfolk!
Your black bear splashes around in the water.
You block the merfolk's attack.
A faun comes into view. It is wielding a +0 spear of freezing.
Donald hits you with a +3 scimitar of holy wrath!!
You die...

≈≈≈≈≈.....≈≈≈≈≈≈≈≈≈≈≈.
≈≈≈)≈.. ...≈≈≈≈≈≈≈≈≈≈≈
≈≈≈≈...###..≈≈≈≈≈≈≈≈≈≈
≈≈≈≈....##...≈≈≈≈≈≈≈≈≈
≈≈≈≈≈≈≈......≈†≈≈≈≈≈≈≈
≈≈≈≈≈≈≈..?.≈≈≈≈≈≈≈≈≈≈≈
≈≈≈≈≈......!≈≈≈≈≈≈≈≈≈≈
≈≈≈≈≈...@mh.≈≈≈≈≈≈≈≈≈≈
≈≈≈≈≈[≈@≈≈≈≈≈≈≈≈≈≈≈≈≈≈
≈≈≈≈≈≈≈...<...≈≈≈≈≈≈≈≈
≈≈≈≈≈≈.m.#####.≈≈≈≈≈≈≈
≈≈≈≈≈≈≈..# #.≈≈≈≈≈≈≈
≈≈≈≈≈≈≈≈.. ..≈≈≈≈≈≈≈
≈≈≈≈≈≈≈≈≈.. .≈≈≈≈≈.
≈≈≈≈≈...≈≈≈ ≈≈≈≈≈
≈≈≈≈.....≈c≈


You could see Donald (strong), 2 merfolk, a faun (wandering) and a friendly
black bear (summoned, berserk).

Vanquished Creatures
  Gastronok (Lair:2)
  Agnes (D:14)
  Frances (D:14)
  Kirke (Lair:6)
  Louise (D:14)
  A stone giant (Volcano)
  Nessos (D:14)
  A dire elephant (D:15)
  Snorg (D:12)
  An ettin (Orc:1)
  Fannar (D:10)
  Josephine (Lair:4)
  A rakshasa (D:14)
  The ghost of Taluab the Cleaver, a journeyman DDFi of Makhleb (Lair:2)
  2 ice dragons (IceCv)
  9 hydras
  4 catoblepae
  Erica (Lair:2)
  2 centaur warriors
  A death knight (D:15)
  A two-headed ogre (D:15)
  5 death yaks (Lair:6)
  2 tengu warriors (D:15)
  5 orc high priests (Orc:2)
  Urug (Lair:2)
  5 skeletal warriors (D:10)
  2 unseen horrors
  A lindwurm (Lair:4)
  2 orc knights
  A deep elf mage (D:15)
  4 cyclopes
  A wolf spider (D:15)
  12 elephants
  3 orc sorcerers
  18 ugly things
  6 manticores
  A salamander (D:15)
  3 centaur zombies
  2 ice statues (IceCv)
  3 black mambas
  2 merfolk sirens (Lair:4)
  2 molten gargoyles (Volcano)
  17 cane toads
  6 gargoyles
  6 rime drakes
  Maggie (D:10)
  2 kobold demonologists (D:14)
  12 komodo dragons
  2 yaktaurs (D:14)
  An efreet (Volcano)
  2 polar bears (Lair:6)
  7 slime creatures
  2 merfolk (Lair:4)
  9 trolls
  A hornet (D:14)
  10 dream sheep
  4 blink frogs
  10 hippogriffs
  2 shadows
  3 vampires
  A water elemental (Shoals:1)
  8 wraiths
  2 hogs (Lair:6)
  6 wyverns
  4 basilisks
  65 yaks
  2 vampire mosquitoes (D:13)
  5 wargs (Orc:2)
  A soldier ant (D:13)
  8 water moccasins
  A naga (Lair:2)
  9 porcupines
  An acid dragon (D:13)
  4 black bears
  18 ice beasts
  A swamp drake (D:9)
  A sky beast (shapeshifter) (D:15)
  2 sky beasts
  24 orc warriors
  2 eyes of draining
  13 ogres
  2 necrophages
  2 phantoms
  6 wolves
  21 centaurs
  23 crocodiles
  19 bullfrogs
  12 big kobolds
  An earth elemental (Volcano)
  2 wyvern zombies
  A wyvern skeleton (D:10)
  3 scorpions
  A water moccasin skeleton (D:10)
  7 killer bees (D:10)
  3 howler monkeys
  24 wights
  An electric eel (Lair:1)
  6 lava snakes (Volcano)
  2 quasits
  A bullfrog zombie (D:8)
  6 hounds
  A bullfrog skeleton (D:5)
  29 orc priests
  14 jellies
  5 centaur skeletons
  4 gnoll shamans
  5 iguanas
  27 orc wizards
  13 worker ants
  A hound skeleton (D:5)
  A hound zombie (D:5)
  14 gnolls
  13 adders
  2 shadow imps
  3 white imps
  3 ufetubi
  2 oozes
  An adder skeleton (D:4)
  A worm (D:3)
  3 dart slugs
  8 leopard geckos
  128 orcs
  2 ball pythons
  2 giant cockroaches
  19 goblins
  10 hobgoblins
  5 jackals
  6 quokkas
  4 bats
  4 frilled lizards
  50 kobolds
  A quokka skeleton (D:5)
  A quokka zombie (D:5)
  12 rats
927 creatures vanquished.

Vanquished Creatures (collateral kills)
  An orc warlord (Orc:2)
  An orc high priest (Orc:2)
  A troll (Orc:2)
  An orc warrior (Orc:2)
  10 orc priests (Orc:2)
  An orc wizard (Orc:2)
  3 orcs (Orc:2)
18 creatures vanquished.

Vanquished Creatures (others)
  2 humans (Lair:6)
  33 fungi
  72 plants
107 creatures vanquished.

Grand Total: 1052 creatures vanquished

Notes
Turn   | Place    | Note
-------+----------+-------------------------------------------
     0 | D:1      | rz the Minotaur Berserker began the quest for the Orb.
     0 | D:1      | Reached XP level 1. HP: 19/19 MP: 0/0
   262 | D:1      | Reached XP level 2. HP: 22/27 MP: 1/1
   719 | D:1      | Reached XP level 3. HP: 33/33 MP: 2/2
  1121 | D:2      | Found a hide-covered altar of Uskayaw.
  1121 | D:2      | Found a shadowy altar of Dithmenos.
  1423 | D:2      | Reached ** piety under Trog
  1499 | D:2      | Found a faded altar of an unknown god.
  1591 | D:2      | Reached XP level 4. HP: 40/40 MP: 3/3
  2062 | D:3      | Found a basalt altar of Yredelemnul.
  2481 | D:3      | Found a sparkling altar of Nemelex Xobeh.
  2482 | D:3      | Noticed Robin
  2745 | D:3      | Reached *** piety under Trog
  2857 | D:3      | Reached XP level 5. HP: 45/47 MP: 4/4
  2947 | D:3      | Reached skill level 5 in Axes
  3115 | D:3      | Reached skill level 5 in Fighting
  3206 | D:3      | Reached **** piety under Trog
  3206 | D:3      | Reached XP level 6. HP: 56/56 MP: 5/5
  3222 | D:3      | HP: 2/56 [poisoned by a big kobold]
  3227 | D:3      | Reached XP level 7. HP: 28/62 MP: 6/6
  3229 | D:3      | Reached skill level 5 in Armour
  4170 | D:4      | Found a large runed translucent door.
  4171 | D:4      | Found a large runed translucent door.
  4175 | D:4      | Found a large runed translucent door.
  4175 | D:4      | Found a large runed translucent door.
  4202 | D:4      | Reached skill level 5 in Dodging
  4218 | D:4      | Got a twisted hand axe
  4227 | D:4      | Identified the +11 hand axe of a bazaar {venom, rElec rPois
                  | Int-4 Dex+9} (You found it on level 4 of the Dungeon)
  4893 | D:4      | Reached XP level 8. HP: 69/71 MP: 7/7
  4956 | D:4      | Found Veixuen's Armour Shoppe.
  4959 | D:4      | Bought a +0 tower shield for 49 gold pieces
  5140 | D:5      | Entered Level 5 of the Dungeon
  5219 | D:5      | Reached skill level 1 in Shields
  5223 | D:5      | Reached skill level 1 in Evocations
  5554 | D:5      | Got a scorched scimitar
  5657 | D:5      | Noticed a hippogriff
  5664 | D:5      | Killed a hippogriff
  5766 | D:5      | Identified the +12 scimitar of Cyera {flame, rC+++ Int+3}
                  | (You found it on level 5 of the Dungeon)
  5778 | D:6      | Found Viatial's Antique Weapon Shop.
  5796 | D:6      | Found an ornate altar of the Wu Jian Council.
  5862 | D:6      | Reached ***** piety under Trog
  5913 | D:6      | Reached XP level 9. HP: 79/79 MP: 8/8
  6054 | D:6      | Found a staircase to the Ecumenical Temple.
  6090 | D:6      | Found Immaicoju's Antique Armour Shop.
  6787 | D:7      | Reached skill level 5 in Shields
  7413 | D:7      | Reached XP level 10. HP: 81/90 MP: 9/9
  7654 | D:7      | Got a fine long sword
  7655 | D:7      | Identified the +1 long sword "Wounoirph" {pain, *Rage rC+
                  | Str+4 SInv} (You found it on level 7 of the Dungeon)
  7694 | D:8      | Got a glimmering bardiche
  7695 | D:8      | Identified the +7 bardiche "Vuethav" {pain, rN++ Str+6
                  | Int-5} (You found it on level 8 of the Dungeon)
  8102 | D:8      | Found a burning altar of Makhleb.
  8127 | D:8      | Found Pimnusm's Book Emporium.
  8386 | D:8      | Found a shimmering blue altar of Sif Muna.
  8951 | D:9      | Found a staircase to the Orcish Mines.
  9291 | D:9      | Found an iron altar of Okawaru.
  9602 | D:10     | Entered Level 10 of the Dungeon
 10021 | D:10     | Noticed Maggie
 10030 | D:10     | Killed Maggie
 10252 | D:10     | Found a staircase to the Lair.
 10256 | D:10     | Noticed a cyclops
 10269 | D:10     | Killed a cyclops
 10269 | D:10     | Reached skill level 10 in Fighting
 10269 | D:10     | Reached skill level 10 in Axes
 10269 | D:10     | Reached XP level 11. HP: 62/99 MP: 10/10
 10441 | D:10     | Received a gift from Trog
 10653 | D:10     | Found a runed translucent gate.
 10654 | D:10     | Found a runed translucent gate.
 10655 | D:10     | Found a runed translucent gate.
 10856 | D:10     | Noticed reriks's ghost (journeyman HuFi)
 10929 | D:10     | Got a smouldering spear
 11162 | D:10     | Noticed a skeletal warrior
 11163 | D:10     | Noticed a skeletal warrior
 11163 | D:10     | Noticed a skeletal warrior
 11163 | D:10     | Noticed a skeletal warrior
 11163 | D:10     | Noticed a skeletal warrior
 11177 | D:10     | Killed a skeletal warrior
 11452 | D:10     | Noticed Fannar
 11466 | D:10     | Killed Fannar
 11624 | D:10     | Killed a skeletal warrior
 11624 | D:10     | Reached skill level 10 in Armour
 11653 | D:10     | Killed a skeletal warrior
 11736 | D:10     | Killed a skeletal warrior
 11798 | D:10     | Killed a skeletal warrior
 12022 | D:11     | Reached skill level 5 in Evocations
 12081 | D:11     | Found a runed translucent door.
 12082 | D:11     | Noticed a sixfirhy
 12357 | D:11     | Reached XP level 12. HP: 99/108 MP: 11/11
 12597 | D:11     | Reached skill level 10 in Dodging
 13303 | D:12     | Noticed a four-headed hydra
 13308 | D:12     | Received a gift from Trog
 13312 | D:12     | Killed a one-headed hydra
 13743 | D:12     | Noticed Snorg
 13753 | D:12     | Killed Snorg
 14343 | D:12     | You fall into a shaft and drop 2 floors!
 14357 | D:14     | Reached skill level 10 in Shields
 14367 | D:14     | Reached XP level 13. HP: 117/117 MP: 12/12
 14543 | D:13     | Found the +8 demon blade "Leech" {vamp, *Rage +Rage rN+}
 14664 | D:13     | Received a gift from Trog
 14709 | D:13     | Found a radiant altar of Vehumet.
 15412 | D:13     | Found a portal to a secret trove of treasure.
 15420 | D:13     | You paid a toll of a +8 demon blade to enter a treasure
                  | trove
 15421 | Trove    | Entered a treasure trove
 15424 | Trove    | Found the +3 salamander hide armour {Flames rF++ rC--}
 15464 | Trove    | Got a pair of pitted gloves
 15487 | Trove    | Identified the +0 pair of gloves "Unya" {Harm rF- SInv}
                  | (You found it in a treasure trove)
 16049 | D:14     | Noticed Frances
 16062 | D:14     | Killed Frances
 16417 | D:14     | Found a gate to the Vaults.
 16495 | D:14     | Noticed Louise
 16505 | D:14     | Killed Louise
 16678 | D:14     | Received a gift from Trog
 16766 | D:14     | Noticed Agnes
 16773 | D:14     | Killed Agnes
 16928 | D:14     | Noticed Nessos
 16956 | D:14     | Killed Nessos
 17130 | D:15     | Entered Level 15 of the Dungeon
 17179 | D:15     | Reached XP level 14. HP: 126/127 MP: 13/13
 17891 | D:15     | Found Voegutom's Gadget Boutique.
 17913 | D:15     | Found Tihoasm's Magic Scroll Boutique.
 17950 | D:15     | Bought a scroll of enchant armour for 112 gold pieces
 18052 | D:15     | Found a staircase to the Depths.
 18447 | Lair:1   | Entered Level 1 of the Lair of Beasts
 19020 | Lair:1   | Received a gift from Trog
 19675 | Lair:2   | Found a staircase to the Snake Pit.
 19679 | Lair:2   | Noticed Urug
 19705 | Lair:2   | Killed Urug
 19782 | Lair:2   | Noticed Erica
 19789 | Lair:2   | Killed Erica
 19893 | Lair:2   | Noticed Gastronok
 19911 | Lair:2   | Killed Gastronok
 20242 | Lair:2   | Found a runed translucent gate.
 20242 | Lair:2   | Found a runed translucent gate.
 20242 | Lair:2   | Found a runed translucent gate.
 20245 | Lair:2   | Noticed Taluab's ghost (journeyman DDFi)
 20414 | Lair:2   | Killed Taluab's ghost
 20522 | Lair:3   | Found a dark tunnel.
 20530 | Volcano  | Entered a volcano
 20626 | Volcano  | Found a bloodstained altar of Trog.
 20719 | Volcano  | Noticed a stone giant
 20726 | Volcano  | Killed a stone giant
 21059 | Lair:3   | Found a frozen archway.
 21066 | Lair:3   | Reached XP level 15. HP: 132/138 MP: 14/14
 21072 | IceCv    | Entered an ice cave
 21607 | IceCv    | Got a flickering wooden ring
 21608 | IceCv    | Identified the ring "Pag Ycw" {*Contam MR- Str+9 Slay+4
                  | Stlth+} (You found it in an ice cave)
 22527 | Lair:4   | Noticed Josephine
 22535 | Lair:4   | Killed Josephine
 22675 | Lair:4   | Received a gift from Trog
 22965 | Lair:4   | Found a staircase to the Shoals.
 23836 | Lair:5   | Found a staircase to the Slime Pits.
 24461 | Lair:6   | Entered Level 6 of the Lair of Beasts
 24745 | Lair:6   | Reached skill level 15 in Axes
 24843 | Lair:6   | Reached skill level 15 in Fighting
 25202 | Lair:6   | Noticed Kirke
 25214 | Lair:6   | Noticed a sphinx
 25215 | Lair:6   | Killed Kirke
 25610 | Lair:6   | Reached skill level 15 in Armour
 25646 | Lair:6   | Received a gift from Trog
 25837 | Lair:6   | Reached XP level 16. HP: 137/149 MP: 15/15
 26216 | Orc:1    | Entered Level 1 of the Orcish Mines
 26585 | Orc:2    | Entered Level 2 of the Orcish Mines
 26756 | Orc:2    | Received a gift from Trog
 27129 | Orc:2    | Found a roughly hewn altar of Beogh.
 27297 | Orc:2    | Found Qeykovu's General Store.
 27297 | Orc:2    | Found Umpukem's Gadget Boutique.
 27529 | Orc:2    | Found Assi's General Store.
 27537 | Orc:2    | Bought a scroll of blinking for 75 gold pieces
 27574 | Orc:2    | Identified the cursed +4 giant club "Xuna" {drain, rElec}
 27575 | Orc:2    | Noticed reriks's ghost (journeyman TrBe)
 27582 | Orc:2    | Identified the +5 glaive of the Distant Future {antimagic,
                  | +Blink Dex+2}
 27595 | Orc:2    | Found a bloodstained altar of Trog.
 27596 | Orc:2    | Found a transporter.
 27614 | Orc:2    | Found a transporter.
 27630 | Orc:2    | Identified the +3 glaive of the Warrior {drain, Dex+3}
 27662 | Orc:2    | Found a staircase to the Elven Halls.
 27716 | Orc:2    | Found Peotzit's Magic Scroll Shoppe.
 27733 | Orc:2    | Bought a scroll of holy word for 112 gold pieces
 27784 | Orc:2    | Found Vazuant's Jewellery Emporium.
 28007 | Orc:2    | Bought a scroll of remove curse for 45 gold pieces
 28007 | Orc:2    | Bought a scroll of identify for 30 gold pieces
 28007 | Orc:2    | Bought a scroll of identify for 30 gold pieces
 28262 | Shoals:1 | Entered Level 1 of the Shoals
 28265 | Shoals:1 | Noticed Donald
 28306 | Shoals:1 | Mangled by Donald

Illustrated notes

Levels and vault maps discovered:
D:1:      beargit_arrival_greenhouse, layout_basic, amethyst_killhole,
          minmay_three_crescents
D:2:      layout_loops_cross, grunt_temple_overflow_open,
          chequers_ecumenical_altar_simple
D:3:      minmay_goblin_kobold_castle, layout_rooms, yredelemnul_altar_generic,
          nemelex_spade_bored_becter, uniq_robin
D:4:      minmay_evil_eye, layout_loops_corners, serial_shops, kennysheep_mini,
          chequers_decorated_corner, minmay_hollow_rounded_squares
D:5:      layout_rooms
D:6:      layout_rooms, kennysheep_little_box, minmay_temple_entry_ruins,
          serial_shops, nicolae_shop_stone, nicolae_shop_stone
D:7:      kennysheep_seaside_town, layout_basic
D:8:      layout_loops_ring, lemuel_crystal_altar, led_sif_pool, serial_shops,
          shop
D:9:      layout_basic, erik_orc_1, okawaru_trees_1
D:10:     layout_basic, minmay_lair_entry_grove, gammafunk_ghost_necromancy,
          minmay_holes, uniq_maggie, uniq_fannar
D:11:     cheibrodos_shockbox, layout_basic, minivault_23
D:12:     layout_basic, uniq_snorg
D:13:     layout_basic, enter_trove_3, basic_altar
D:14:     layout_long_grid, hangedman_vaults_entry_quadrant_bands,
          serial_bayou_pond_d, uniq_nessos, uniq_agnes, uniq_louise,
          uniq_frances
D:15:     hangedman_depths_entry_try_elsewhere_first, layout_irregular_city,
          minmay_splitting_lines, serial_shops, shop_statue, shop
Lair:1:   beast_lair_carwin_large_2, layout_hall_layers, serial_bayou_shore_a
Lair:2:   layout_chaotic_city, guppyfry_snake_entry_island,
          gammafunk_ghost_hydra_chop, beast_lair_carwin_10, uniq_gastronok,
          uniq_urug, uniq_erica
Lair:3:   layout_regular_city, nicolae_volcano_entry_lava_flow,
          portal_ice_cave_rime, infiniplex_staircase_pool
Lair:4:   layout_cave_pods, elwin_shoals_entry_stream,
          cheibrodos_lair_reptile_den, uniq_josephine
Lair:5:   layout_roguey, minmay_slime_entry_jelly_boxes, lemuel_fruit_fields
Lair:6:   evilmike_catoblepas_cave, layout_layer_cave, uniq_kirke
Shoals:1: layout_shoals, uniq_donald
Orc:1:    layout_caves
Orc:2:    st_orc_town, layout_caves, gammafunk_ghost_wrathful_warriors,
          serial_shops, nicolae_shop_stone

Skill      XL: |  1  2  3  4  5  6  7  8  9 10 11 12 13 14 15 |
---------------+----------------------------------------------+-----
Fighting       | 4 5 6 7 8 10 11 12 14 15 | 15.6
Axes           | 4 5 6 7 8 10 11 12 14 15 | 15.7
Armour         | 3 4 5 6 8 9 10 11 12 13 15 | 15.3
Dodging        | 3 4 5 6 7 8 9 10 11 12 | 12.1
Shields        | 3 5 7 8 10 11 12 14 | 14.5
Evocations     | 1 3 5 6 7 8 |  8.3

Action                   |  1- 3 |  4- 6 |  7- 9 | 10-12 | 13-15 | 16-18 || total
-------------------------+-------+-------+-------+-------+-------+-------++-------
Melee: Hand axe          |    75 |    52 |       |       |       |       ||   127
       Headbutt          |    13 |    22 |    57 |   143 |   247 |    47 ||   529
       War axe           |       |    72 |   318 |   704 |    33 |       ||  1127
       Scimitar          |       |       |       |     8 |    39 |       ||    47
       Broad axe         |       |       |       |       |   956 |   175 ||  1131
Throw: Dart              |       |       |       |       |     8 |       ||     8
Invok: Berserk           |       |     3 |     8 |    10 |    14 |     4 ||    39
       Trog's Hand       |       |       |     5 |    12 |    14 |     7 ||    38
       Brothers in Arms  |       |       |       |       |       |     7 ||     7
 Abil: Evoke Flight      |       |       |       |       |     1 |       ||     1
Evoke: Wand              |       |       |       |       |     1 |       ||     1
  Use: Scroll            |       |     2 |     5 |     6 |    24 |     4 ||    41
       Potion            |       |     5 |     4 |     1 |       |     9 ||    19
 Stab: Sleeping          |     1 |       |       |       |       |       ||     1
Armor: Animal skin       |     8 |       |       |       |       |       ||     8
       Leather armour    |     1 |    23 |     1 |       |       |       ||    25
       Ring mail         |       |       |    42 |       |       |       ||    42
       Gold dragon scale |       |       |   175 |   287 |   483 |    57 ||  1002
Dodge: Dodged            |    45 |   108 |    70 |    79 |   209 |    29 ||   540
Block: Tower shield      |       |       |   236 |   522 |  1055 |   177 ||  1990
       Rpst.: Scimitar   |       |       |       |     1 |     4 |       ||     5

Table legend: (Time is in decaauts)
 A = Elapsed time spent in this place.
 B = Non-inter-level travel time spent in this place.
 C = Inter-level travel time spent in this place.
 D = Time resting spent in this place.
 E = Time spent auto-exploring this place.
 F = Levels seen in this place.
 G = Mean time per level.
                   A        B        C        D        E       F      G
               +--------+--------+--------+--------+--------+-----+--------+
         Total |  28800 |  27445 |   1355 |   5598 |  16032 |  27 | 1066.7 |
       Dungeon |  18875 |  18092 |    783 |   3920 |  10610 |  15 | 1258.3 |
          Lair |   6769 |   6329 |    440 |    928 |   4200 |   6 | 1128.2 |
        Shoals |     42 |     42 |      0 |      0 |      0 |   1 |   42.0 |
  Orcish Mines |   1872 |   1741 |    131 |    462 |    883 |   2 |  936.0 |
         Trove |    170 |    170 |      0 |      0 |      2 |   1 |  170.0 |
      Ice Cave |    750 |    750 |      0 |    203 |    334 |   1 |  750.0 |
       Volcano |    319 |    319 |      0 |     83 |      2 |   1 |  319.0 |
               +--------+--------+--------+--------+--------+-----+--------+

Top non-repeatable levels by time:
    D:10: 2252 daAuts
     D:3: 2050 daAuts
  Lair:6: 1591 daAuts
   Orc:2: 1492 daAuts
    D:14: 1456 daAuts
    D:12: 1433 daAuts
     D:9: 1377 daAuts
     D:7: 1372 daAuts
     D:4: 1299 daAuts
    D:13: 1268 daAuts
    D:15: 1241 daAuts
  Lair:1: 1168 daAuts
  Lair:4: 1142 daAuts
     D:1: 1116 daAuts
    D:11: 1094 daAuts
